 Dungeon Crawl Stone Soup version 0.28.0 (webtiles) character file.

Game seed: 14719610006405243671

47 fragbeetle the Chopper (level 3, -2/31 HPs)
             Began as a Hill Orc Fighter on Feb 10, 2022.
             Slain by a gnoll (7 damage)
             ... on level 2 of the Dungeon.
             The game lasted 00:01:23 (852 turns).

fragbeetle the Chopper (Hill Orc Fighter)            Turns: 852, Time: 00:01:24

Health: -2/31      AC:  6    Str: 20    XL:     3   Next: 70%
Magic:  3/3        EV: 13    Int:  8    God:
Gold:   28         SH:  4    Dex: 10    Spells: 2/2 levels left

rFire   . . .      SeeInvis .   l - +1 hand axe (vorpal)
rCold   . . .      Faith    .   c - +0 buckler
rNeg    . . .      Spirit   .   b - +0 scale mail
rPois   .          Reflect  .   (no helmet)
rElec   .          Harm     .   (no cloak)
rCorr   .          Rampage  .   (no gloves)
Will    .....                   (no boots)
Stlth   ..........              (no amulet)
HPRegen 0.10/turn               m - +4 ring of evasion
MPRegen 0.08/turn               (no ring)

@: no status effects
A: no striking features
a: no special abilities


You were on level 2 of the Dungeon.
You visited 1 branch of the dungeon, and saw 2 of its levels.

You collected 28 gold pieces.

Inventory:

Hand Weapons
 a - a +0 war axe
 f - a +0 hunting sling
 i - a +1 vampiric whip
 l - a +1 vorpal hand axe (weapon)
Missiles
 g - 33 stones (quivered)
 h - 5 poisoned darts
Armour
 b - a +0 scale mail (worn)
 c - a +0 buckler (worn)
Jewellery
 m - a +4 ring of evasion (left hand)
Scrolls
 e - a scroll of enchant armour {unknown}
 j - 3 scrolls of amnesia {unknown}
 k - a scroll of silence {unknown}
Potions
 d - a potion of might
 n - a potion of curing {unknown}


   Skills:
 - Level 3.6 Fighting
 * Level 5.3 Axes
 - Level 3.2 Armour
 - Level 3.2 Shields


You had 2 spell levels left.
You didn't know any spells.
Your spell library was empty.

Dungeon Overview and Level Annotations

Branches:
Dungeon (1/15)

Altars:


Message History

You feel sick. The adder bites you.
You are more poisoned.
The adder poisons you!
You are too injured to fight recklessly!
You are too injured to fight recklessly!
You are too injured to fight recklessly!
Unknown command.
You closely miss the adder.
The adder is severely wounded.
You feel sick. The adder bites you. The adder closely misses you.
You miss the adder.
The adder is severely wounded.
You feel sick. The adder closely misses you.
You miss the adder.
The adder is severely wounded.
You feel sick. You block the adder's attack.
You hit the adder.
You kill the adder!
You feel sick.
The goblin shoots a stone.
The stone closely misses you.
You hit the gnoll but do no damage.
The gnoll is heavily wounded.
You feel sick.
You barely miss the gnoll.
The gnoll is heavily wounded.
You feel sick.
You are no longer poisoned.
The goblin shoots a stone.
The stone barely misses you. The gnoll hits you with a +0 club.
* * * LOW HITPOINT WARNING * * *
You hit the gnoll.
The gnoll is almost dead.
You hit the gnoll but do no damage. The gnoll closely misses you.
The gnoll misses you.
Unknown command.
You barely miss the gnoll.
The gnoll is almost dead.
You hit the gnoll.
You kill the gnoll!
The gnoll hits you with a +0 club!
You die...

♣........)###.###
♣.#.....#)##..# #...
###.....##.## ####...##
#.##.÷÷#.# . #.......#
#.##.....### ###. #.......#
#..........## #.. ........#
#...........###.#
#.......###g#.....#.......##
#.......#g)@#.##..#...##..##
#.........###.##..#.>...#.#.
##.......†...##...#..#.....
#.........†..##.#..#.##....
#...................#..##...
#.......(...........##.###..
#.....≈≈............ .#....
#.....≈≈≈........... ...#..
.....≈≈≈≈≈.......... ####.#


You could see a gnoll and a goblin.

Vanquished Creatures
  2 adders (D:2)
  2 gnolls (D:2)
  2 dart slugs
  2 endoplasms (D:1)
  A giant cockroach (D:2)
  2 ball pythons
  2 bats (D:1)
  A frilled lizard (D:2)
  2 kobolds
  4 rats
20 creatures vanquished.

Notes
Turn   | Place    | Note
-------+----------+-------------------------------------------
     0 | D:1      | fragbeetle the Hill Orc Fighter began the quest for the
                  | Orb.
     0 | D:1      | Reached XP level 1. HP: 19/19 MP: 1/1
    70 | D:1      | Reached skill level 3 in Axes
   359 | D:1      | Reached XP level 2. HP: 22/26 MP: 2/2
   601 | D:1      | You fall into a shaft and drop 1 floor!
   613 | D:2      | Reached skill level 4 in Axes
   625 | D:2      | Reached XP level 3. HP: 22/31 MP: 3/3
   823 | D:2      | Reached skill level 5 in Axes
   852 | D:2      | Slain by a gnoll

Illustrated notes

Levels and vault maps discovered:
D:1:      dpeg_arrival_short_road, layout_basic, serial_shops, shop_statue
D:2:      layout_rooms, serial_forest, infiniplex_forest_clump_double,
          infiniplex_forest_3_way, infiniplex_forest_straight_4,
          infiniplex_forest_lined_2, infiniplex_forest_clump_double,
          infiniplex_forest_straight_3, lemuel_old_faithful

Skill      XL: |  1  2  3 |
---------------+----------+-----
Axes           | 3 4 5 |  5.3
Fighting       | |  3.6
Armour         | |  3.2
Shields        | |  3.2

Action                   || total
-------------------------++-------
Melee: War axe           ||    37
       Whip              ||    22
       Hand axe          ||    24
Armor: Scale mail        ||    28
Dodge: Dodged            ||    59
Block: Buckler           ||    26
